 Dungeon Crawl Stone Soup version 0.25.0-15-gac7dcb8919 (webtiles) character file.

Game seed: 11991228105524694562

43 protoss039 the Grave Robber (level 3, -1/19 HPs)
             Began as a Vampire Necromancer on June 30, 2020.
             Slain by Sigmund
             ... wielding a +0 scythe
              (10 damage)
             ... on level 2 of the Dungeon.
             The game lasted 00:04:36 (1612 turns).

protoss039 the Grave Robber (Vampire Necromancer)   Turns: 1612, Time: 00:04:36

Health: -1/19      AC:  3    Str:  7    XL:     3   Next: 37%
Magic:  0/6        EV: 13    Int: 18    God:
Gold:   132        SH:  0    Dex: 14    Spells: 5/7 levels left

rFire    . . .     SeeInvis +   d - +0 dagger
rCold    + + .     Gourm    .   (no shield)
rNeg     + + +     Faith    .   a - +0 robe
rPois    ∞         Spirit   .   e - +0 helmet
rElec    .         Reflect  .   (no cloak)
rCorr    .         Harm     .   (no gloves)
MR       .....                  (no boots)
Stlth    ++++......             (no amulet)
HPRegen  0.00/turn              (no ring)
MPRegen  0.10/turn              (no ring)

@: bloodless
A: no food, fangs 3, see invisible, unbreathing
a: Bat Form, Revivify


You were on level 2 of the Dungeon.
You were bloodless.

You visited 1 branch of the dungeon, and saw 2 of its levels.

You collected 132 gold pieces.

Inventory:

Hand Weapons
 d - a +0 dagger (weapon)
Armour
 a - a +0 robe (worn)
 e - a +0 helmet (worn)
Jewellery
 l - an uncursed amulet of the acrobat {unknown}
Scrolls
 b - 2 scrolls of amnesia {unknown}
 c - 2 scrolls of teleportation {unknown}
 g - 3 scrolls of identify {unknown}
 h - a scroll of magic mapping {unknown}
 i - a scroll of enchant armour {unknown}
Potions
 f - 3 potions of curing {unknown}
 j - a potion of heal wounds {unknown}
 k - a potion of flight {unknown}


   Skills:
 + Level 0.1 Fighting
 + Level 0.2 Short Blades
 + Level 2.3 Dodging
 + Level 3.1 Stealth
 * Level 2.5 Spellcasting
 * Level 5.2 Necromancy


You had 5 spell levels left.
You knew the following spells:

 Your Spells              Type           Power        Failure   Level  Hunger
a - Pain                  Necr           ###.         1%          1    N/A
b - Animate Skeleton      Necr           N/A          1%          1    N/A

Your spell library contained the following spells:

 Spells                   Type           Power        Failure   Level  Hunger
 Vampiric Draining        Necr           ###.......   6%          3    N/A
 Animate Dead             Necr           N/A          21%         4    N/A
 Agony                    Necr           ###.....     50%         5    N/A

Dungeon Overview and Level Annotations

Branches:
Dungeon (2/15)

Altars:
Elyvilon
Nemelex Xobeh

Annotations:
D:2 Sigmund


Innate Abilities, Weirdness & Mutations

You do not eat.
You do not regenerate when monsters are visible.
You are frail without blood (-20% HP).
You can heal yourself when you bite living creatures.
You are immune to poison.
You have razor-sharp teeth.
You have supernaturally acute eyesight. (SInv)
You can survive without breathing.


Message History

Aim: Sigmund, wielding a +0 scythe and wearing a +0 robe (heavily wounded, chance to defeat MR: 86%) Sigmund writhes in agony.
Sigmund closely misses you.
Casting: Pain (safe; 1% risk of failure)
Confirm with . or Enter, or press ? or * to list all spells.
Aiming: Pain (safe; 1% risk of failure)
Press: ? - help, Shift-Dir - straight line, f/p - Sigmund
Aim: Sigmund, wielding a +0 scythe and wearing a +0 robe (heavily wounded, chance to defeat MR: 86%) Sigmund writhes in agony.
Casting: Pain (safe; 1% risk of failure)
Confirm with . or Enter, or press ? or * to list all spells.
You don't know that spell.
Casting: Pain (safe; 1% risk of failure)
Confirm with . or Enter, or press ? or * to list all spells.
Aiming: Pain (safe; 1% risk of failure)
Press: ? - help, Shift-Dir - straight line, f/p - Sigmund
Aim: Sigmund, wielding a +0 scythe and wearing a +0 robe (heavily wounded, chance to defeat MR: 86%) Sigmund writhes in agony.
Sigmund hits you from afar with a +0 scythe!
Ouch! That really hurt!
You die...

.........#@######
............# ###
..........#.# ..#
..........#.# #.#
..........#.# #.#
..........#.# #.#####
..........#.# ......#
#####@......# ..###.#
##.@.#### ### #.# #...#
#####.#### #...# .
.........######...######.#
..##.###.................#
...#.# #..................
..##.###..........%......#
.###.....######...######..
## ####.## #.###.# .


You could see Sigmund.

Vanquished Creatures
  A dart slug (D:2)
  A leopard gecko (D:1)
  2 giant cockroaches (D:1)
  7 goblins
  4 hobgoblins (D:1)
  2 jackals (D:2)
  4 bats
  3 frilled lizards (D:1)
  5 kobolds
  10 rats
39 creatures vanquished.

Vanquished Creatures (others)
  4 toadstools (D:1)
4 creatures vanquished.

Grand Total: 43 creatures vanquished

Notes
Turn   | Place    | Note
-------+----------+-------------------------------------------
     0 | D:1      | protoss039 the Vampire Necromancer began the quest for the
                  | Orb.
     0 | D:1      | Reached XP level 1. HP: 13/13 MP: 3/3
   232 | D:1      | Reached XP level 2. HP: 11/19 MP: 0/5
   527 | D:1      | Reached skill level 5 in Necromancy
   532 | D:1      | Learned a level 1 spell: Animate Skeleton
   822 | D:1      | Reached XP level 3. HP: 21/24 MP: 1/6
  1116 | D:2      | Found a white marble altar of Elyvilon.
  1118 | D:2      | Found a sparkling altar of Nemelex Xobeh.
  1121 | D:2      | Noticed Sigmund
  1612 | D:2      | Slain by Sigmund

Illustrated notes

Levels and vault maps discovered:
D:1:      ldierk_walled_garden_2, layout_loops_cross
D:2:      layout_loops_cross, grunt_temple_overflow_open, ashenzari_altar_1,
          uniq_sigmund

Skill      XL: |  1  2 |
---------------+-------+-----
Necromancy     | 5 |  5.2
Fighting       | |  0.1
Short Blades   | |  0.2
Dodging        | |  2.3
Stealth        | |  3.1
Spellcasting   | |  2.5

Action                   || total
-------------------------++-------
Melee: Dagger            ||    91
       Unarmed           ||     1
       Bite              ||     8
 Cast: Pain              ||    47
       Animate Skeleton  ||     1
 Abil: Exsanguinate      ||     1
 Stab: Sleeping          ||     3
Armor: Robe              ||    39
Dodge: Dodged            ||    84
